[Event "*** Titled Tuesday 3|2 Blitz"]
[Site "Chess.com"]
[Date "2016.02.02"]
[Round "7"]
[White "AndroQueen"]
[Black "Iball95"]
[Result "1-0"]
[WhiteElo "2415"]
[BlackElo "2385"]
[TimeControl "180+2"]
[EndTime "12:30:06 PST"]
[Termination "AndroQueen won by resignation"]

1. d4 Nf6 2. c4 e6 3. Nc3 Bb4 4. f3 O-O 5. a3 Bxc3+ 6. bxc3 Nh5 7. Nh3 f5 8. Nf2 d6 9. e4 fxe4 10. Nxe4 Nc6 11. Bg5 Qe8 12. Bd3 e5 13. O-O Nf4 14. Bxf4 Rxf4 15. Bc2 Qh5 16. Qd2 Bd7 17. Rab1 b6 18.
c5 d5 19. Ng3 Qf7 20. Bb3 exd4 21. Bxd5 Qxd5 22. Qxf4 dxc3 23. cxb6 cxb6 24. Rbc1 Qc5+ 25. Kh1 Rf8 26. Qc7 Rf7 27. Ne4 Qxa3 28. Rxc3 Qe7 29. Rfc1 Nd4 30. Qb8+ Rf8 31. Qxa7 Ne2 32. Rc7 Nxc1 33.
Rxd7 Qe5 34. h3 b5 35. Re7 Qd4 36. Qxd4 1-0

[Event "*** Titled Tuesday 3|2 Blitz"]
[Site "Chess.com"]
[Date "2016.02.02"]
[Round "7"]
[White "arnacman"]
[Black "ChadaevNikolay"]
[Result "0-1"]
[WhiteElo "2257"]
[BlackElo "2519"]
[TimeControl "180+2"]
[EndTime "12:30:13 PST"]
[Termination "ChadaevNikolay won by resignation"]

1. e4 c6 2. d4 d5 3. Nd2 dxe4 4. Nxe4 h6 5. Nf3 Bf5 6. Ng3 Bh7 7. Bd3 Bxd3 8. Qxd3 e6 9. Bd2 Nf6 10. O-O-O Nbd7 11. Kb1 Be7 12. Qe2 O-O 13. Ne5 Qb6 14. c4 Rfd8 15. Bc3 Bb4 16. c5 Qa5 17. Nc4 Qb5 18. Nd6 Qxe2 19. Nxe2 Bxc3 20. bxc3 b6 21. cxb6 axb6 22.
Nc4 Ne4 23. Rhf1 Ra4 24. Nb2 Ra3 25. Rd3 Rda8 26. f3 Rxa2 27. Nc1 Ra1+ 28. Kc2 Nd6 29.
Rfd1 Kf8 30. g4 Ke7 31. c4 b5 32. c5 Nc4 33. Nxc4 bxc4 34. Rc3 R1a4 35. Rd2 Nf6 36. Kd1 Nd5 37. Ne2 Nxc3+ 38. Nxc3 Ra3 39. Rc2 Rb8 40.
Ke2 Rab3 41. Ne4 Rb2 42. Kd2 Rxc2+ 43. Kxc2 Rb3 44. Nd2 Rd3 45. Nxc4 Rxd4 46. Ne5 Rd5 47. Nd3 f5 48. h3 g6 49. Kc3 e5 50. Kc4 Ke6 51.
gxf5+ gxf5 52. Nb4 Rd4+ 53. Kc3 Rxb4 54. Kxb4 Kd5 55.
h4 h5 0-1

[Event "*** Titled Tuesday 3|2 Blitz"]
[Site "Chess.com"]
[Date "2016.02.02"]
[Round "7"]
[White "gmjoey1"]
[Black "jcibarra"]
[Result "1-0"]
[WhiteElo "2485"]
[BlackElo "2521"]
[TimeControl "180+2"]
[EndTime "12:30:29 PST"]
[Termination "gmjoey1 won by checkmate"]

1. e4 c5 2. c3 Nf6 3. e5 Nd5 4. d4 cxd4 5. cxd4 d6 6. Bc4 e6 7. Nf3 Nc6 8. O-O Be7 9. Qe2 O-O 10.
Rd1 Na5 11. Bd3 Nb4 12. exd6 Qxd6 13. Be4 f5 14. Bd3 Nxd3 15. Qxd3 b6 16. Nc3 Bb7 17.
Ne5 Nc6 18. Bf4 Rfd8 19. Qg3 Nxd4 20. h4 Qb4 21. Kh2 Qxb2 22. Rab1 Qa3 23. Rd3 Qa5 24. Rbd1 Rac8 25. h5 Bf6 26. Rxd4 Rxd4 27. Rxd4 Qxc3 28.
Rd3 Qb4 29. Rd7 Bd5 30. h6 Kf8 31. hxg7+ Kg8 32. Nf7 Bxg7 33. Nh6+ Kf8 34. Qxg7+ Ke8 35. Qf7# 1-0

[Event "*** Titled Tuesday 3|2 Blitz"]
[Site "Chess.com"]
[Date "2016.02.02"]
[Round "7"]
[White "Dr-Bassem"]
[Black "BartoszSocko"]
[Result "0-1"]
[WhiteElo "2477"]
[BlackElo "2704"]
[TimeControl "180+2"]
[EndTime "12:30:38 PST"]
[Termination "BartoszSocko won by resignation"]

1. e4 e6 2. d3 d5 3. Nd2 c5 4.
g3 Nc6 5. Bg2 Nf6 6. Ngf3 Bd6 7.
O-O O-O 8. Re1 Qc7 9. Qe2 dxe4 10. dxe4 e5 11. c3 Re8 12. Nc4 Bf8 13. Bg5 Nd7 14. Ne3 Nb6 15. Nd5 Nxd5 16. exd5 Nb8 17. Nd2 Bd6 18. Ne4 Nd7 19. Qh5 Nf8 20. Nf6+ gxf6 21. Bxf6 Ng6 22. Rad1 Bf8 23. Re4 Qd6 24. Rh4 h6 25.
Bg5 Nxh4 26. Bxh4 Qg6 27. Qe2 Bg4 28. f3 Bf5 29. g4 Bd7 30. c4 e4 31. h3 e3 32. f4 f5 33. g5 Bg7 34. Bf3 Qd6 35. Bg3 hxg5 36. Qh2 Qe7 37. Re1 Bd4 38. Kh1 Kh8 39. fxg5 Qxg5 40. Bf4 Qh4 41. Rg1 e2 42. Bg3 Bxg1 43. Qxg1 Qxh3+ 0-1

[Event "*** Titled Tuesday 3|2 Blitz"]
[Site "Chess.com"]
[Date "2016.02.02"]
[Round "7"]
[White "manubibi"]
[Black "oggy1984"]
[Result "0-1"]
[WhiteElo "2377"]
[BlackElo "2187"]
[TimeControl "180+2"]
[EndTime "12:30:41 PST"]
[Termination "oggy1984 won on time"]

1. e4 c6 2. d4 d5 3. Nd2 dxe4 4. Nxe4 Bf5 5. Ng3 Bg6 6. h4 h6 7. Nf3 Nd7 8. h5 Bh7 9. Bd3 Bxd3 10. Qxd3 e6 11.
Bf4 Ngf6 12. O-O-O Be7 13. Kb1 O-O 14. c4 c5 15. d5 exd5 16. cxd5 Re8 17. Nf5 Bf8 18. g4 Ne4 19. Qc2 c4 20. Rd4 Ndc5 21. Rxc4 b5 22.
Rd4 b4 23. Rg1 b3 24. axb3 Rc8 25. g5 hxg5 26. Nxg5 Nxg5 27. Bxg5 Qd7 28. Bf6 Ne4 29. Nh6+ Kh7 30. Qd3 Kxh6 31. Rxe4 gxf6 32. Re5 Rxe5 33. Rg6+ Kxh5 34. Rxf6 Kg5 35. Rf3 Qxd5 36. Qh7 Qxf3 0-1

[Event "*** Titled Tuesday 3|2 Blitz"]
[Site "Chess.com"]
[Date "2016.02.02"]
[Round "7"]
[White "JusticeBot"]
[Black "gumersindo"]
[Result "1-0"]
[WhiteElo "2430"]
[BlackElo "2234"]
[TimeControl "180+2"]
[EndTime "12:30:50 PST"]
[Termination "JusticeBot won by resignation"]

1. e4 c6 2. d4 d5 3. Nd2 dxe4 4.
Nxe4 Bf5 5. Ng3 Bg6 6. N1e2 e6 7.
Nf4 Bd6 8. c3 Qc7 9. Qf3 Ne7 10.
h4 h6 11. Nxg6 Nxg6 12. h5 Bxg3 13. hxg6 Bd6 14. Bc4 fxg6 15. Bxe6 Qe7 16. Qe4 Kd8 17. O-O Re8 18. Re1 Na6 19. d5 cxd5 20. Bxd5 Qxe4 21.
Rxe4 Nc5 22. Rxe8+ Kxe8 23. Be3 Rb8 24. Bd4 Kf8 25.
Rd1 b6 26. b4 Nd7 27. a4 Nf6 28.
Bb3 Be7 29. Be5 Rd8 30. Rxd8+ Bxd8 31. Bd6+ Ke8 32. f3 a5 33. Kf2 g5 34. Ke3 axb4 35. cxb4 h5 36. Kd4 Kd7 37. Bf8 Ne8 38. Bf7 Bf6+ 39.
Kd3 h4 40. a5 bxa5 41. bxa5 Nc7 42. Bc4 Kc6 43. Ke4 g6 44. Bb4 Ne8 45. a6 Kb6 46.
Bd2 Nc7 47. Be3+ Kc6 48. a7 Kb7 49. Bf7 1-0

[Event "*** Titled Tuesday 3|2 Blitz"]
[Site "Chess.com"]
[Date "2016.02.02"]
[Round "7"]
[White "Mornar1951"]
[Black "Sawyer2908"]
[Result "1-0"]
[WhiteElo "2587"]
[BlackElo "2279"]
[TimeControl "180+2"]
[EndTime "12:30:59 PST"]
[Termination "Mornar1951 won by resignation"]

1. e4 c5 2. Nf3 Nc6 3. d4 cxd4 4.
Nxd4 e5 5. Nb5 d6 6. c4 Be7 7.
N1c3 a6 8. Na3 f5 9. exf5 Bxf5 10. Bd3 Be6 11. Nc2 Nf6 12. O-O O-O 13. Ne3 Qd7 14.
b3 Rae8 15. Ne4 Nd4 16. Bb2 Nxe4 17. Bxe4 Bg5 18. Qd3 g6 19. Rad1 Bf6 20. Nc2 Nxc2 21. Qxc2 Qc7 22. Bd5 Bxd5 23. Rxd5 e4 24. Bc1 Be5 25. Be3 Qf7 26. Qd2 Qf5 27. Bd4 Bf4 28. Rxf5 Bxd2 29. Rd5 Re6 30. Rd1 Bb4 31. Be3 Rfe8 32.
Kf1 Kf7 33. Ke2 R8e7 34. Bd2 Bxd2 35. R1xd2 Rd7 36. Ke3 b6 37. R5d4 Ke7 38. Rxe4 Rxe4+ 39. Kxe4 Ke6 40. a4 Rc7 41. Rd5 Rf7 42. f3 Rc7 43. f4 Rf7 44. g3 Rc7 45. Kd4 Rf7 46. a5 Rb7 47. axb6 Rxb6 48. Kc3 Rc6 49. h4 Rc8 50. h5 Rc6 51. hxg6 hxg6 52. Rg5 Kf6 53. b4 Rc8 54. Kd4 Rb8 55. b5 axb5 56. cxb5 Rc8 57. Kd5 Ke7 58. b6 Rc1 59. Rxg6 Rc5+ 60. Kd4 Rb5 61.
Rg7+ Ke6 62. b7 Rb4+ 63. Kc3 Rb1 64. g4 Kd5 65. Rc7 Rc1+ 66. Kd3 Rb1 67. g5 Rb3+ 68. Kc2 Rb4 69. g6 1-0

[Event "*** Titled Tuesday 3|2 Blitz"]
[Site "Chess.com"]
[Date "2016.02.02"]
[Round "7"]
[White "kharposh"]
[Black "Journey_to_GrandMaster_YT"]
[Result "1-0"]
[WhiteElo "2065"]
[BlackElo "2241"]
[TimeControl "180+2"]
[EndTime "12:31:03 PST"]
[Termination "kharposh won on time"]

1. e4 d6 2. d4 Nf6 3. Nc3 e5 4. dxe5 dxe5 5. Qxd8+ Kxd8 6. Bc4 Ke8 7.
Nf3 Bd6 8. O-O c6 9. Rd1 Bc7 10.
a4 Bg4 11. Rd3 Nbd7 12. h3 Bh5 13. g4 Bg6 14. Re3 Nc5 15. Nd2 a5 16. b3 Rd8 17.
Re2 Rd4 18. f3 Bb6 19. Kg2 Ke7 20. Ba3 Rhd8 21. Nf1 Ke8 22. Ne3 Rd2 23. Kf2 Ne6 24. Bxe6 fxe6 25. Re1 Kf7 26. h4 Rxe2+ 27. Kxe2 Bd4 28.
Ncd1 h5 29. g5 Nd7 30. c3 Bc5 31. Bb2 Ke7 32. Nc4 b6 33. Nde3 Bd6 34. Nxd6 Kxd6 35.
Rd1+ Kc7 36. Nc4 Bf7 37. Ba3 g6 38. Bd6+ 1-0

[Event "*** Titled Tuesday 3|2 Blitz"]
[Site "Chess.com"]
[Date "2016.02.02"]
[Round "7"]
[White "Tesla37"]
[Black "SabinoBrunello"]
[Result "1/2-1/2"]
[WhiteElo "2579"]
[BlackElo "2589"]
[TimeControl "180+2"]
[EndTime "12:31:06 PST"]
[Termination "Game drawn by agreement"]

1. c4 e5 2. Nc3 Nf6 3. g3 Nc6 4. Bg2 Bc5 5. e3 d5 6. cxd5 Nb4 7. d4 exd4 8. exd4 Be7 9. Nge2 Nbxd5 10. O-O O-O 11.
Qb3 Nb6 12. Bg5 c6 13. Rfe1 Be6 14. Qc2 Nfd5 15. Bxe7 Nxe7 16. Nf4 Bf5 17. Qb3 Ng6 18. Nxg6 Bxg6 19. Rad1 Rc8 20. a4 a5 21. d5 cxd5 22. Nxd5 Nxd5 23. Bxd5 Qf6 24. Bxb7 Rc2 25. Qf3 Qxb2 26.
Be4 Bxe4 27. Rxe4 h6 28. Rd5 Qa1+ 29. Kg2 Rc1 30. Qd3 Rg1+ 31. Kh3 Qf6 32. Rf4 Qe6+ 33. Qf5 Qe2 34. Qe4 Qf1+ 35. Kg4 Rg2 36. Rxa5 Rxh2 37. Raf5 Qh3+ 38. Kf3 Qg2+ 39. Ke2 Qxe4+ 40. Rxe4 Rh1 41.
Re7 Ra1 42. Ra7 g6 43. Re5 Ra2+ 44. Kf3 Ra3+ 45. Kg2 h5 46. a5 Kg7 47. Ree7 Ra4 48. Rec7 g5 49. Rc5 Kg6 50. a6 f6 51. Rcc7 Rd8 52. Rg7+ 1/2-1/2

[Event "*** Titled Tuesday 3|2 Blitz"]
[Site "Chess.com"]
[Date "2016.02.02"]
[Round "7"]
[White "FairChess_on_YouTube"]
[Black "E-Shaposhnikov"]
[Result "1-0"]
[WhiteElo "2717"]
[BlackElo "2500"]
[TimeControl "180+2"]
[EndTime "12:31:08 PST"]
[Termination "FairChess_on_YouTube won by resignation"]

1. e4 c5 2. Nf3 e6 3. g3 d5 4. exd5 exd5 5. d4 Nc6 6. Bg2 Bg4 7. O-O Nxd4 8. Qe1+ Be6 9. Nxd4 cxd4 10. c4 dxc4 11.
Bxb7 Ne7 12. Bf4 Bd5 13. Bxa8 Bxa8 14. Na3 Qd5 15. f3 f6 16. Rc1 g5 17. Bc7 c3 18.
bxc3 d3 19. Qf2 Nc6 20. c4 Qf5 21. Nb5 Kd7 22. g4 Qc5 23. Rfd1 Qxf2+ 24. Kxf2 Bc5+ 25.
Kg3 a6 26. Rxd3+ Kc8 27. Bd6 Ne5 28. Bxe5 fxe5 29. Nd6+ Kc7 30. Ne4 Be7 31. c5 Bc6 32.
Rd6 Bxd6 33. cxd6+ Kd7 34. Nxg5 Rf8 35. Rc5 Kxd6 36.
Ra5 Bb5 37. a4 Bc6 38. Rxa6 h6 39. Ne4+ Kc7 40. Ra7+ Kb6 41. Rh7 Bxe4 42. fxe4 Kc5 43. Rd7 1-0

[Event "*** Titled Tuesday 3|2 Blitz"]
[Site "Chess.com"]
[Date "2016.02.02"]
[Round "7"]
[White "Winehouse83"]
[Black "kesarev"]
[Result "1-0"]
[WhiteElo "2292"]
[BlackElo "2165"]
[TimeControl "180+2"]
[EndTime "12:31:10 PST"]
[Termination "Winehouse83 won by resignation"]

1. d4 Nf6 2. c4 c5 3. d5 b5 4. cxb5 a6 5. bxa6 g6 6. g3 d6 7.
Bg2 Bg7 8. Nc3 O-O 9. Nf3 Bxa6 10. h3 Nbd7 11. O-O Ra7 12. Re1 Qa8 13. e4 Nb6 14.
Qc2 Rb8 15. b3 Qb7 16. Bd2 Nfd7 17. Rab1 Na8 18. Bg5 Kf8 19. Be3 Nc7 20. a4 Raa8 21. Bd2 Qb6 22. Kh2 Bc8 23. Bf1 Ba6 24. Bg2 Bc8 25. Rec1 Na6 26. Qd1 Nb4 27. Bf1 Bxc3 28. Bxc3 Ba6 29. Qd2 f6 30. Qh6+ Kg8 31. h4 Bxf1 32.
Rxf1 Nf8 33. h5 Nd3 34. Nh4 Kf7 35. f4 c4 36. bxc4 Qxb1 37. Rxb1 Rxb1 38. hxg6+ hxg6 39. Nxg6 Nxg6 40. Qh7+ Ke8 41. Qxg6+ Kd7 42. e5 Nc5 43. exf6 exf6 44. Qxb1 Rxa4 45. Qb5+ Ke7 46. Bd4 Ra2+ 47.
Kh3 Ne4 48. Qb7+ Kf8 49. Qc8+ Ke7 50. Qe6+ Kf8 51. Qxe4 1-0

[Event "*** Titled Tuesday 3|2 Blitz"]
[Site "Chess.com"]
[Date "2016.02.02"]
[Round "7"]
[White "madalin18"]
[Black "Parthenope"]
[Result "1-0"]
[WhiteElo "2011"]
[BlackElo "1704"]
[TimeControl "180+2"]
[EndTime "12:31:13 PST"]
[Termination "madalin18 won on time"]

1. e4 c5 2. Nf3 d6 3. d4 cxd4 4. Nxd4 Nf6 5. Nc3 a6 6. Bg5 e6 7. f4 Qc7 8. Qf3 Nc6 9. O-O-O Bd7 10. f5 Be7 11. fxe6 fxe6 12. g3 O-O 13. Kb1 b5 14.
Bh3 Nxd4 15. Rxd4 Qc5 16. Be3 Qc7 17. Qg2 Rab8 18. Rhd1 Rfc8 19. R4d2 b4 20. Ne2 e5 21.
Bxd7 Nxd7 22. g4 a5 23. Ng3 g6 24. Bh6 a4 25. Nf5 Bf8 26. Bxf8 Nxf8 27. Nxd6 Rd8 28.
Qe2 Ne6 29. Qc4 Qxc4 30. Nxc4 Rxd2 31. Rxd2 Rf8 32. Rd1 Nd4 33. Nxe5 Ne2 34. Nc6 Rf4 35. Nxb4 Rxe4 36. Nd5 Kg7 37. h3 Re5 38. a3 Ng3 39. b4 axb3 40. cxb3 Re2 41. a4 Ne4 42. a5 Nc5 43. b4 1-0

[Event "*** Titled Tuesday 3|2 Blitz"]
[Site "Chess.com"]
[Date "2016.02.02"]
[Round "7"]
[White "Alexander_Donchenko"]
[Black "VSERGUEI"]
[Result "0-1"]
[WhiteElo "2521"]
[BlackElo "2460"]
[TimeControl "180+2"]
[EndTime "12:31:16 PST"]
[Termination "VSERGUEI won by resignation"]

1. d4 d5 2. c4 c6 3. Nf3 Nf6 4.
Qc2 g6 5. cxd5 cxd5 6. Nc3 Nc6 7. Bf4 Bf5 8. Qb3 Na5 9. Qa4+ Bd7 10. Qd1 Bg7 11. e3 O-O 12. Bd3 Rc8 13. O-O a6 14. Ne5 e6 15. h3 Qb6 16. Rb1 Bb5 17. Nxb5 axb5 18. Bg5 Rc7 19. b3 Rfc8 20. Qe2 b4 21. Bf4 Rc3 22. Bg5 Nc6 23. Bxf6 Bxf6 24. Nd7 Qd8 25.
Nxf6+ Qxf6 26. Qd2 e5 27. dxe5 Nxe5 28. Bb5 R8c5 29. Be2 Rc2 30. Qd4 b6 31. Rfe1 Rxa2 32. Qxb4 Rcc2 33. Qb5 Qf5 34. Rbc1 Rcb2 35. Qe8+ Kg7 36.
Rc8 Rxe2 37. Qf8+ Kf6 38. Qd8+ Ke6 39. Qe8+ Kd6 40. Qf8+ Ke6 41. Re8+ Kd7 42. Re7+ Kc6 43. Qe8+ Nd7 44. Qc8+ Kd6 45. Rxd7+ Qxd7 46. Qf8+ Qe7 47.
Qb8+ Ke6 48. Qxb6+ Qd6 0-1

[Event "*** Titled Tuesday 3|2 Blitz"]
[Site "Chess.com"]
[Date "2016.02.02"]
[Round "7"]
[White "nonsopolo1"]
[Black "Zkid"]
[Result "0-1"]
[WhiteElo "2155"]
[BlackElo "2423"]
[TimeControl "180+2"]
[EndTime "12:31:21 PST"]
[Termination "Zkid won by resignation"]

1. e4 e6 2. d4 d5 3. Nd2 Nf6 4.
e5 Nfd7 5. Bd3 c5 6. c3 Nc6 7.
Ne2 cxd4 8. cxd4 f6 9. exf6 Nxf6 10. O-O Bd6 11. Nf3 Qc7 12. Nc3 a6 13. Bg5 O-O 14.
Bh4 Nh5 15. Bg3 Nxg3 16. hxg3 g6 17. Rc1 Qg7 18. Bb1 g5 19. Na4 g4 20. Ne5 Nxe5 21.
dxe5 Bxe5 22. b3 Bd4 23. Nc5 e5 24. Nd3 Be6 25. Nc5 Bc8 26. Nd3 b6 27. Nb4 Bb7 28. Nc6 Bxc6 29. Rxc6 Rac8 30. Qc2 Rxc6 31. Qxc6 Qf7 32. Qc2 e4 33. Qe2 Qf5 34. a3 Rf6 35. b4 b5 36. Ba2 Kg7 37. Qd2 Qe5 38. Qd1 h5 39. Kh2 Bxf2 40. Rxf2 Rxf2 41. Bxd5 e3 42. Bb7 e2 43. Qd7+ Rf7 44. Qd5 Qxd5 45. Bxd5 Rf1 46. a4 e1=R 0-1

[Event "*** Titled Tuesday 3|2 Blitz"]
[Site "Chess.com"]
[Date "2016.02.02"]
[Round "7"]
[White "AnthonyWirig"]
[Black "Zazuliak"]
[Result "0-1"]
[WhiteElo "2498"]
[BlackElo "2334"]
[TimeControl "180+2"]
[EndTime "12:31:30 PST"]
[Termination "Zazuliak won by resignation"]

1. e4 c5 2. Nf3 g6 3. d4 cxd4 4. c3 d3 5. h3 Bg7 6. Bxd3 Nc6 7. c4 d6 8. O-O Nf6 9. Nc3 O-O 10. Bg5 Nd7 11.
Rc1 Nce5 12. Nxe5 Nxe5 13. Be2 Be6 14. b3 h6 15. Bh4 Nc6 16. Nd5 a5 17. f4 Bxd5 18.
cxd5 Nd4 19. Bd3 Rc8 20. Rxc8 Qxc8 21. Bxe7 Qc5 22. Bxf8 Kxf8 23. Kh1 Qc3 24. Qb1 Qd2 25. a3 g5 26. e5 gxf4 27. Rd1 Qe3 28. Re1 Qg3 29. Qc1 Bxe5 30. Qc8+ Kg7 31. Qg4+ Qxg4 32. hxg4 Nxb3 33. Rb1 Nc5 34. Bf5 Kf6 35. Kh2 Kg5 36.
Kg1 h5 37. Bc8 hxg4 38. Bxb7 Bd4+ 39. Kf1 f3 40. gxf3 gxf3 41. Bc8 Kf4 42. Rd1 Be3 43. Ra1 Ne4 44. Ba6 Ke5 45. Ra2 Kxd5 46. Bb7+ Ke5 47. Bxe4 Kxe4 48. Rb2 d5 49. Rb7 f5 50. Re7+ Kf4 51.
Rd7 d4 52. Rd5 Ke4 53. Rxa5 d3 54. Ra4+ Bd4 55. Rb4 d2 56. Rb1 Kd3 57. a4 Kc2 0-1

[Event "*** Titled Tuesday 3|2 Blitz"]
[Site "Chess.com"]
[Date "2016.02.02"]
[Round "7"]
[White "MITerryble"]
[Black "lorcho"]
[Result "0-1"]
[WhiteElo "2629"]
[BlackElo "2676"]
[TimeControl "180+2"]
[EndTime "12:31:37 PST"]
[Termination "lorcho won by resignation"]

1. d4 e6 2. Nf3 d5 3. c4 c5 4. dxc5 Nc6 5. e3 Bxc5 6. a3 a6 7.
b4 Ba7 8. Bb2 Nf6 9. Nbd2 O-O 10.
Be2 Qe7 11. O-O dxc4 12. Nxc4 Rd8 13. Qb3 b5 14. Nce5 Nxe5 15. Bxe5 Bb7 16. Qb2 Rac8 17. Rac1 Ne8 18. h3 f6 19. Bd4 Bxd4 20. Nxd4 Nd6 21.
Rxc8 Rxc8 22. Rc1 Qd7 23. Rc5 Ne4 24. Rxc8+ Qxc8 25. Bf3 Bd5 26. Bxe4 Bxe4 27. Nb3 Bd5 28.
Nc5 a5 29. e4 Bc4 30. Qd4 axb4 31. axb4 Qc7 32. Qd7 Qxd7 33. Nxd7 Kf7 34. f3 g5 35. e5 f5 36. Kf2 f4 37. Nf6 Kg6 38. g4 fxg3+ 39.
Kxg3 h5 40. h4 gxh4+ 41. Kxh4 Kf5 42. Kxh5 Be2 43. Nd7 Bxf3+ 44. Kh6 Bc6 45. Nb8 Be8 46. Kg7 Kxe5 47. Kf8 Bh5 48. Ke7 Bg4 49. Nd7+ Kd4 50.
Kd6 Bf5 51. Ne5 Bh3 52. Nc6+ Kc4 53. Ke5 Bg2 54. Nd4 Bd5 55. Nc2 Kc3 56. Ne3 Kxb4 57. Kd4 Kb3 58. Kc5 b4 59. Nd1 Bf3 60. Ne3 Kc3 61. Kd6 b3 62. Kxe6 0-1

[Event "*** Titled Tuesday 3|2 Blitz"]
[Site "Chess.com"]
[Date "2016.02.02"]
[Round "7"]
[White "IMRosen"]
[Black "AlexanderL"]
[Result "0-1"]
[WhiteElo "2273"]
[BlackElo "2582"]
[TimeControl "180+2"]
[EndTime "12:31:47 PST"]
[Termination "AlexanderL won by checkmate"]

1. Nf3 e6 2. d4 b6 3. Bf4 Bb7 4. e3 Nf6 5. c4 Bb4+ 6. Nfd2 O-O 7. a3 Be7 8. Nc3 c5 9. d5 exd5 10. cxd5 Re8 11. Nc4 d6 12. Be2 a6 13. a4 Bf8 14.
O-O Ne4 15. Nxe4 Rxe4 16. f3 Re8 17. e4 Qf6 18. Qd2 Nd7 19. Ra3 Rab8 20. Kh1 h6 21. Bg3 Bc8 22. Bd3 Ne5 23. Nxe5 dxe5 24. Qe2 Ra8 25. Rb1 Bd6 26. Bf2 Qe7 27. Raa1 Qb7 28. Rc1 Bd7 29. g4 Rec8 30. b3 b5 31. Be3 Rab8 32. h4 Rc7 33. g5 h5 34.
g6 fxg6 35. Rg1 Be8 36. axb5 axb5 37. Rg5 Qc8 38. Kh2 c4 39. bxc4 bxc4 40. Bc2 Qd8 41.
Rag1 Be7 42. R5g2 Bc5 43. Kh1 Qxh4+ 44. Rh2 Qf6 45. f4 Bxe3 46. fxe5 Qxe5 47. Qxe3 Rf7 48. Qe2 Rf4 49. Qxc4 Bf7 50. Qe2 Rb2 51. Qd1 Rxe4 52. d6 Rd4 53. d7 Bd5+ 54. Rhg2 Rh4# 0-1

[Event "*** Titled Tuesday 3|2 Blitz"]
[Site "Chess.com"]
[Date "2016.02.02"]
[Round "7"]
[White "LuckyTiger"]
[Black "ZEN-22"]
[Result "1-0"]
[WhiteElo "2515"]
[BlackElo "2357"]
[TimeControl "180+2"]
[EndTime "12:32:05 PST"]
[Termination "LuckyTiger won by resignation"]

1. e4 c5 2. c3 e6 3. d4 d5 4. exd5 exd5 5. Nf3 Nc6 6. Bb5 Nf6 7. O-O Be7 8. dxc5 Bxc5 9. Re1+ Be6 10. Nd4 O-O 11.
Be3 Qb6 12. Bxc6 bxc6 13. b4 Bxd4 14. Bxd4 Qd8 15. Nd2 Re8 16. Nb3 Ne4 17. f3 Nd6 18.
Qd2 Bf5 19. Qf4 Bg6 20. Rxe8+ Nxe8 21. Re1 Nc7 22. Nc5 h6 23. h4 Nb5 24. a4 Nxd4 25. Qxd4 Qc7 26. Qe5 Qd8 27. h5 Bc2 28. a5 Qh4 29. Re2 Bb1 30. Re1 Bf5 31. a6 f6 32.
Qe2 Qxh5 33. g4 Qg6 34. Kf2 Bc2 35. Rc1 Bb1 36. f4 Re8 37. Qf3 Be4 38. Qg3 f5 39. g5 hxg5 40. Qxg5 Qh7 41. Qg3 Re7 42. Rg1 Qh5 43. Re1 g6 44. Rg1 Rg7 45. Ne6 Rh7 46. Ng5 Qh2+ 47. Qxh2 Rxh2+ 48. Ke3 Rc2 49. Kd4 Kg7 50. Ne6+ Kf6 51. Nf8 Rd2+ 52. Kc5 Rd3 53. Rc1 Kf7 54. Nd7 Rd2 55. Ne5+ Kf6 56. Nxc6 g5 57. fxg5+ Kxg5 58. Nxa7 Bd3 59. b5 Ra2 60.
Nc6 Rb2 61. Nb4 Bc4 62. a7 d4 63. a8=Q dxc3 64. Rxc3 Kf4 65. Rxc4+ Ke5 66. Qd5+ Kf6 67. Qd4+ Ke6 68. Qxb2 f4 69. Re4+ Kf5 70. Qe5+ Kg4 71. Qxf4+ Kh3 72. Qf3+ Kh2 73. Rh4+ 1-0

[Event "*** Titled Tuesday 3|2 Blitz"]
[Site "Chess.com"]
[Date "2016.02.02"]
[Round "7"]
[White "maciek_92"]
[Black "stepanosinovsky"]
[Result "0-1"]
[WhiteElo "2449"]
[BlackElo "2283"]
[TimeControl "180+2"]
[EndTime "12:32:05 PST"]
[Termination "stepanosinovsky won by resignation"]

1. e4 e5 2. Nf3 Nc6 3. Bc4 Nf6 4. Ng5 d5 5. exd5 Na5 6. Bb5+ c6 7. dxc6 bxc6 8.
Be2 h6 9. Nh3 Bxh3 10. gxh3 Bd6 11. d3 O-O 12. Nc3 Nb7 13. Bf3 Qc7 14. Bg2 Nc5 15.
O-O Rad8 16. Qe2 Rfe8 17. Be3 e4 18. Bxc5 Bxc5 19. Nxe4 Nxe4 20. dxe4 Bd6 21. Rad1 Bxh2+ 22. Kh1 Be5 23. b3 Rd6 24. Rxd6 Qxd6 25. Qg4 Bf4 26. Rd1 Qf6 27. Bf3 g6 28. Kg2 Kh7 29. Qd7 Re5 30.
Kf1 Bg5 31. Ke2 Re7 32. Qd6 Qc3 33. Qd3 Qe5 34. a4 h5 35. Qc4 f5 36. Bg2 fxe4 37.
Rd4 e3 38. Re4 Qf6 39. fxe3 Rf7 40. Qe6 Qf2+ 41. Kd3 Rf6 42. Qd7+ Rf7 43. Qe8 Rf8 44. Qd7+ Kh6 45. h4 Bf6 46. Qxc6 Qxg2 47. Re6 Rd8+ 48. Kc4 Qf1+ 49. Kb4 Rb8+ 50. Ka5 Bd8+ 0-1

[Event "*** Titled Tuesday 3|2 Blitz"]
[Site "Chess.com"]
[Date "2016.02.02"]
[Round "7"]
[White "Gabrielian_Artur"]
[Black "ftorodent"]
[Result "1-0"]
[WhiteElo "2469"]
[BlackElo "2319"]
[TimeControl "180+2"]
[EndTime "12:32:08 PST"]
[Termination "Gabrielian_Artur won on time"]

1. Nf3 d5 2. g3 c6 3. Bg2 Bg4 4. O-O Nd7 5. d3 Ngf6 6. Qe1 e5 7.
e4 dxe4 8. dxe4 Be7 9. h3 Bh5 10. Nbd2 Qc7 11. Nh4 O-O 12. Nf5 Bc5 13. Nb3 Bb6 14. a4 a5 15. Be3 Bxe3 16. Qxe3 Rfd8 17. g4 Bg6 18. Rfd1 Nf8 19. Qc5 Ne6 20. Rxd8+ Nxd8 21. Ne7+ Kh8 22. Nd5 Qb8 23. Nxf6 Ne6 24. Qe7 gxf6 25. Qxf6+ Kg8 26. Rd1 Qc7 27. Bf1 b5 28. axb5 a4 29. Nd2 cxb5 30. Bd3 Nf4 31. Nf3 Nxh3+ 32. Kf1 Re8 33.
c3 Qc5 34. Nh4 Nf4 35. Nf5 Bxf5 36. gxf5 b4 37. Qg5+ Kh8 38. Qf6+ Kg8 39. cxb4 Qxb4 40. Qg5+ Kf8 41. Qh6+ Kg8 42. f6 Ne6 43. Ke2 Qxb2+ 44.
Kf3 Nd4+ 45. Kg2 Ne6 46. Rh1 Nf4+ 47. Kg3 1-0

[Event "*** Titled Tuesday 3|2 Blitz"]
[Site "Chess.com"]
[Date "2016.02.02"]
[Round "7"]
[White "LADIESGET2KNOWME"]
[Black "stefanodinn"]
[Result "0-1"]
[WhiteElo "2304"]
[BlackElo "2146"]
[TimeControl "180+2"]
[EndTime "12:32:30 PST"]
[Termination "stefanodinn won on time"]

1. d4 Nf6 2. Nc3 d5 3. Bg5 Nbd7 4. Nf3 h6 5. Bh4 e6 6. e3 Be7 7. Bd3 O-O 8. Qe2 c5 9. dxc5 Nxc5 10. O-O b6 11. Rad1 Bb7 12. Nd4 a6 13. a4 Rc8 14. Nf3 Qc7 15. h3 Rfd8 16. Nh2 Nxd3 17. cxd3 d4 18. Bg3 Bd6 19. Bxd6 Qxd6 20. Ne4 Nxe4 21.
dxe4 Qb4 22. exd4 Rxd4 23. f3 Rcd8 24. Ng4 Qxa4 25. Rxd4 Qxd4+ 26. Kh1 Qd3 27. Qf2 Qd4 28. Qg3 Kf8 29. Rc1 h5 30. Rc7 hxg4 31. Rxb7 Qd1+ 32. Kh2 gxf3 33. Qc7 Qd6+ 34. Qxd6+ Rxd6 35. gxf3 g5 36. Kg3 Kg7 37. b4 b5 38. Ra7 Rd4 39. Rxa6 Rxb4 40. h4 gxh4+ 41. Kxh4 Rb3 42. Kg4 b4 43. Kf4 Rb1 44. Rb6 b3 45. Ke5 Kg6 46. f4 Kg7 47. f5 exf5 48. Kxf5 b2 49. Ke5 Kh7 50. Rb5 Kg6 51. Rb6+ Kg5 52. Rb7 f6+ 53. Ke6 Kg4 54. Rb4 Kg5 55. Rb7 Kf4 56. Rb4 Ke3 57. e5 fxe5 58.
Kxe5 Kd3 59. Rd4+ Kc3 60. Kd5 Rc1 0-1

[Event "*** Titled Tuesday 3|2 Blitz"]
[Site "Chess.com"]
[Date "2016.02.02"]
[Round "7"]
[White "MateusViageiro"]
[Black "Spinaltap"]
[Result "1-0"]
[WhiteElo "2177"]
[BlackElo "2362"]
[TimeControl "180+2"]
[EndTime "12:32:55 PST"]
[Termination "MateusViageiro won by resignation"]

1. e4 c6 2. d4 d5 3. Nc3 dxe4 4. Nxe4 Bf5 5. Ng3 Bg6 6. Nf3 Nd7 7. h4 h6 8. h5 Bh7 9. Bd3 Bxd3 10. Qxd3 e6 11. Bd2 Ngf6 12. O-O-O Be7 13. Kb1 O-O 14. Ne4 Nxe4 15. Qxe4 Nf6 16. Qe2 Qd5 17. Rde1 c5 18. dxc5 Bxc5 19. Bc3 Rad8 20. Bxf6 gxf6 21. Rd1 Qf5 22.
g4 Qf4 23. a3 a6 24. Rhf1 Kh8 25. Nd2 f5 26. f3 Rd5 27. Nb3 Rxd1+ 28. Qxd1 Be7 29. gxf5 Qxf5 30. f4 Bf6 31. Qf3 Rc8 32.
Rf2 Rc6 33. Rg2 Bg7 34. Qg3 Qh7 35. Rd2 Rc8 36. Qf3 b5 37. Qb7 Rf8 38. Qxa6 Qf5 39. Qd6 Qxh5 40. Nc5 Qf5 41. Nd7 Rg8 42. Ne5 h5 43. Qe7 Bxe5 44. fxe5 Rg7 45. Qf6 Qxf6 46.
exf6 Rg6 47. Rh2 Rh6 48. Rh4 Kh7 49. c4 bxc4 50. a4 Kg6 51. a5 Rh8 52. Rxc4 h4 53. Rc1 h3 54. Ka2 Kxf6 55. b4 Ke7 56. Kb3 h2 57.
Rh1 Kd6 58. Ka4 Kc7 59. b5 Rh4+ 60. Kb3 e5 61. Kc3 f5 62. Kd3 Kd6 63. b6 Kc6 64.
Ke3 Kb7 65. Kf3 Ka6 66. Kg3 Rg4+ 67. Kxh2 Kxa5 68. b7 Rb4 69. Ra1+ 1-0